Unix NetHack Version 5.0.0-0 post-release - last build Jun 10 2026 00:39:30 (3ee93aec679c4c4259841fe613dc97188e26a321,branch:main).

Game began 2026-06-18 07:13:20, ended 2026-06-19 02:16:22.

JohnDarcy, neutral male human Tourist

             o

        ---.o .
        |....o..
        |@o.[...
        |`[|....
        ----...
           ...

                         o

JohnDarcy the Sightseer     St:12 Dx:10 Co:13 In:14 Wi:10 Ch:17  Neutral
Dlvl:5  $:557 HP:0(37) Pw:13(13) AC:1  Xp:5 T:3960  Burdened

Latest messages:
 The dart hits the Uruk-hai.
 What do you want to throw? [$ajDEPV or ?*] a
 In what direction? 8
 The dart hits the Uruk-hai!
 The Uruk-hai hits!
 Are you sure you want to pray? [yn] (n) y
 You begin praying to The Lady.
 You are surrounded by a shimmering light.
 The Uruk-hai starts to attack you, but pulls back.
 You finish your prayer.
 You feel that The Lady is well-pleased.
 You feel much better.
 You hit the Uruk-hai.
 You hit the Uruk-hai.
 You hit the Uruk-hai.
 The rothe misses!
 The rothe misses!
 The rothe misses!
 The Uruk-hai is hit.
 The Uruk-hai is hit.
 The Uruk-hai hits!
 What do you want to use or apply? [coquwy or ?*] c
 In what direction? 9
 The rothe is blinded by the flash!
 The Uruk-hai is hit.
 It is missed.
 You are hit by a poisoned crude arrow.
 The Uruk-hai hits!
 You kill the Uruk-hai!
 It is missed.
 A poisoned crude arrow misses you.
 It is missed.
 You are hit by a poisoned crude arrow.
 There are several objects here.
 There is a branch staircase up to the Dungeons of Doom here.
 You see here a poisoned crude arrow.
 The Uruk-hai picks up an iron skull cap.
 You miss the Uruk-hai.
 The Uruk-hai hits!
 You are hit by a poisoned crude arrow.
 You are hit by a poisoned crude arrow.
 You hear some noises in the distance.
 The Uruk-hai misses!
 You are hit by a poisoned crude arrow.
 You die...
 Do you want your possessions identified? [ynq] (y) y
 Do you want to see your attributes? [ynq] (y) y
 Do you want an account of creatures vanquished? [ynaq] (y) y
 Do you want to see your conduct and achievements? [ynq] (y) y
 Do you want to see the dungeon overview? [ynq] (y) y

Inventory:
 Coins    ('$')
  $ - 557 gold pieces
 Weapons  (')')
  a - 16 blessed +2 darts (at the ready)
  P - 20 +0 darts
  j - 12 cursed -1 darts
  E - 10 +0 daggers
  D - 3 +0 orcish daggers
  s - the +0 Sting (weapon in right hand, glimmering light blue)
  V - a +0 scimitar
 Armor    ('[')
  K - a blessed +0 orcish helm (being worn)
  f - an uncursed +0 orcish helm
  F - an uncursed +0 orcish helm
  r - an uncursed +0 pair of iron shoes
  z - an uncursed +0 pair of iron shoes (being worn)
  A - an uncursed +0 dwarvish cloak
  m - an uncursed +1 Hawaiian shirt with a water nymph motif (being worn)
  t - an uncursed +0 elven mithril-coat (being worn)
 Comestibles  ('%')
  J - an uncursed clove of garlic
  n - an uncursed food ration
  x - an uncursed lichen corpse
 Scrolls  ('?')
  d - an uncursed scroll of identify
  N - a cursed scroll of identify
  l - an uncursed scroll of magic mapping
  G - a cursed scroll of stinking cloud
  g - an uncursed scroll of teleportation
 Potions  ('!')
  O - an uncursed potion of monster detection
  W - an uncursed potion of object detection
 Rings    ('=')
  Q - an uncursed ring of sustain ability (on left hand)
 Wands    ('/')
  u - a wand of digging (0:6)
  w - a wand of magic missile (0:6)
  y - a wand of polymorph (0:2)
 Tools    ('(')
  o - an uncursed credit card
  c - an expensive camera (0:30)
  q - a greased +0 pick-axe
 Gems/Stones  ('*')
  p - an uncursed chrysoberyl stone
  v - an uncursed topaz stone
  k - 2 uncursed worthless pieces of blue glass
  h - an uncursed worthless piece of orange glass
  B - an uncursed worthless piece of violet glass

JohnDarcy the Tourist's attributes:

Background:
 You were a Sightseer, a level 5 male human Tourist.
 You were neutral, on a mission for The Lady
 who was opposed by Blind Io (lawful) and Offler (chaotic).
 You were right-handed.
 You were in the Gnomish Mines, on level 5.
 You entered the dungeon 3960 turns ago.
 It was nighttime.
 You had 222 experience points, 98 more were needed to attain level 6.

Basics:
 You had 0 out of 37 hit points.
 You had all 13 energy points (spell power).
 Your armor class was 1.
 Your wallet contained 557 zorkmids.
 Autopickup was off.

Final Characteristics:
 Your strength was 12 (limit:18/100).
 Your dexterity was 10 (limit:18).
 Your constitution was 13 (limit:18).
 Your intelligence was 14 (limit:18).
 Your wisdom was 10 (limit:18).
 Your charisma was 17 (limit:18).

Final Status:
 You weren't hungry.
 You were burdened; movement was slightly slowed.
 You were wielding a dagger.
 You were unskilled in dagger.

Final Attributes:
 You were piously aligned.
 You were telepathic.
 You were aware of the presence of orcs.
 You were guarded.
 You had fixed abilities.
 You are dead.

Miscellaneous:
 You didn't encounter any bones levels.
 Total elapsed playing time was 41 minutes and 3 seconds.

Major events:
 Turn
    1: JohnDarcy the neutral male human Tourist entered the dungeon
 1987: attained the rank of Sightseer (level 3)
 3678: entered the Gnomish Mines
 3718: chose a runed dagger to be named "Sting"
 3960: killed by an orcish arrow

You didn't know any spells.

Skills:
 Fighting Skills
   bare handed combat [Unskilled]
   two weapon combat  [Unskilled]
   riding             [Unskilled]
 Weapon Skills
   dagger             [Unskilled]
   knife              [Unskilled]
   axe                [Unskilled]
   pick-axe           [Unskilled]
   short sword        [Unskilled]
   broadsword         [Unskilled]
   long sword         [Unskilled]
   two-handed sword   [Unskilled]
   saber              [Unskilled]
   mace               [Unskilled]
   morning star       [Unskilled]
   flail              [Unskilled]
   hammer             [Unskilled]
   quarterstaff       [Unskilled]
   polearms           [Unskilled]
   spear              [Unskilled]
   trident            [Unskilled]
   lance              [Unskilled]
   bow                [Unskilled]
   sling              [Unskilled]
   crossbow           [Unskilled]
   dart               [Basic]
   shuriken           [Unskilled]
   boomerang          [Unskilled]
   whip               [Unskilled]
   unicorn horn       [Unskilled]
 Spellcasting Skills
   divination spells  [Unskilled]
   enchantment spells [Unskilled]
   escape spells      [Unskilled]

Voluntary challenges:
 Character rerolling was not enabled.
 You never genocided any monsters.
 You never polymorphed an object.
 You never changed form.
 You used no wishes.
Achievements:
 You attained the rank of Sightseer.
 You entered the Gnomish Mines.

 The Dungeons of Doom: levels 1 to 7
    Level 1:
       A grave.
    Level 2:
       Some altars to The Lady, a fountain.
    Level 3:
       A fountain.
    Level 4:
       A fountain, a sink.
       Stairs down to The Gnomish Mines.
    Level 5:
       A grave.
    Level 6:
    Level 7:
       A fountain.
 The Gnomish Mines:
    Level 5: <- You were here.
       Final resting place for
          you, killed by an orcish arrow.


Vanquished creatures:
  a housecat
  6 Uruk-hai
  a gnome leader
  a gnomish wizard
  a kobold mummy
 an elf zombie
  a giant ant
  a floating eye
  2 dwarves
  a homunculus
  a kobold leader
  2 hill orcs
  a rothe
  a giant bat
  a dwarf zombie
 an acid blob
  a coyote
  3 hobbits
  2 hobgoblins
  a cave spider
  a green mold
  6 gnomes
  3 gnome zombies
  4 geckos
  6 jackals
  a fox
  a kobold
  4 goblins
  5 sewer rats
  6 grid bugs
  4 lichens
  a kobold zombie
  9 newts
81 creatures vanquished.

No species were genocided or became extinct.

Game over:
                       ----------
                      /          \
                     /    REST    \
                    /      IN      \
                   /     PEACE      \
                  /                  \
                  |    JohnDarcy     |
                  |      557 Au      |
                  |   killed by an   |
                  |   orcish arrow   |
                  |                  |
                  |                  |
                  |       2026       |
                 *|     *  *  *      | *
        _________)/\\_//(\/(/\)/\//\/|_)_______

Aloha JohnDarcy the Tourist...

You died in The Gnomish Mines on dungeon level 5 with 1362 points,
and 557 pieces of gold, after 3960 moves.
You were level 5 with a maximum of 37 hit points when you died.

